 Dungeon Crawl Stone Soup version 0.22.0-38-g04b72b8 (webtiles) character file.

32 yevrey the Ruffian (level 3, -5/29 HPs)
             Began as a Draconian Transmuter on Aug 27, 2018.
             Slain by an ice beast (7 damage)
             ... on level 1 of the Dungeon.
             The game lasted 00:08:32 (943 turns).

yevrey the Ruffian (Draconian Transmuter)            Turns: 943, Time: 00:08:33

Health: -5/29      AC:  5    Str: 12    XL:     3   Next: 8%
Magic:  1/6        EV: 12    Int: 14    God:
Gold:   121        SH:  0    Dex: 11    Spells: 3/6 levels left

rFire    . . .     SeeInvis .     - Unarmed
rCold    . . .     Gourm    .   (no shield)
rNeg     . . .     Faith    .   (armour unavailable)
rPois    .         Spirit   .   (helmet restricted)
rElec    .         Reflect  .   (no cloak)
rCorr    .         Harm     .   (no gloves)
MR       .....                  (no boots)
Stlth    +.........             (no amulet)
HPRegen  0.09/turn              (no ring)
MPRegen  0.10/turn              (no ring)

@: no status effects
A: unfitting armour, cold-blooded, AC +5
a: no special abilities


You were on level 1 of the Dungeon.
You were hungry.

You visited 1 branch of the dungeon, and saw 2 of its levels.

You collected 121 gold pieces.

Inventory:

Missiles
 a - 9 arrows
Scrolls
 d - 2 scrolls of identify {unknown}
 f - a scroll of enchant armour {unknown}
Potions
 e - a potion of haste {unknown}
 g - a potion of invisibility {unknown}
 h - a potion of curing {unknown}
Comestibles
 b - 4 chunks of flesh
 c - 4 rations


   Skills:
 * Level 1.8 Fighting
 - Level 1.7 Dodging
 + Level 3.6 Unarmed Combat
 + Level 2.2 Spellcasting
 + Level 2.2 Transmutations


You had 3 spell levels left.
You knew the following spells:

 Your Spells              Type           Power        Failure   Level  Hunger
a - Beastly Appendage     Tmut           #.....       10%         1    #......
b - Sticks to Snakes      Tmut           #.......     14%         2    ###....

Your spell library contained the following spells:

 Spells                   Type           Power        Failure   Level  Hunger
 Spider Form              Tmut/Pois      #.........   41%         3    ###....
 Ice Form                 Ice/Tmut       #.......     82%         4    #####..
 Blade Hands              Tmut           #.........   95%         5    ######.


Dungeon Overview and Level Annotations

Branches:
Dungeon (2/15)

Altars:


Innate Abilities, Weirdness & Mutations

Your plain brown scales are hard. (AC +5)
You cannot fit into any form of body armour.
You are cold-blooded and may be slowed by cold attacks.


Message History

You swap places.
The ice beast hits your ball python.
Your ball python dies!
The rat twitches its whiskers.
Casting: Sticks to Snakes (safe; 14% risk of failure)
Confirm with . or Enter, or press ? or * to list all spells.
You create a snake!
You now have 10 arrows.
Casting: Sticks to Snakes (safe; 14% risk of failure)
Confirm with . or Enter, or press ? or * to list all spells.
You create a snake!
You now have 9 arrows.
The ice beast hits you. The ice beast freezes you!
* * * LOW HITPOINT WARNING * * *
Your ball python barely misses the ice beast.
Your ball python bites the ice beast.
Your ball python closely misses the ice beast.
Your ball python barely misses the ice beast.
Your ball python bites the ice beast but does no damage.
The ice beast hits you.
* * * LOW HITPOINT WARNING * * *
The ice beast freezes you!
You die...

.......).## ########.######
.......).## #......#.#.....
########..#########......#.#.####
..................+......+...# #
#########..########......#.######
........................).>.....#
###.######.#####.##.#.#########.#
###.#............##.#.......# #.#
)...........###.@##.#######.# #.#
[##.#.####..# #rY##.# #.# #.#
.........#..# #.SS..# #.# #.#
...#..##.#..###...### #.# #.#
.#..[..#.#...##...#########.# #.#
.###.#.#.#.#.###.#..........###.#
..##.#...#.#.# #.#.######........
...#.#####.#.# #.#)# #.......#
≈........#.#.###.#.# #.......#


You could see an ice beast, a rat and 2 friendly ball pythons.

Vanquished Creatures
  A dart slug (D:1)
  A leopard gecko (D:1)
  3 bats (D:1)
  2 giant cockroaches (D:1)
  5 goblins (D:1)
  4 hobgoblins (D:1)
  3 kobolds
  A ball python (D:1)
  2 frilled lizards
  5 rats
27 creatures vanquished.

Notes
Turn   | Place    | Note
-------+----------+-------------------------------------------
     0 | D:1      | yevrey the Draconian Transmuter began the quest for the Orb.
     0 | D:1      | Reached XP level 1. HP: 16/16 MP: 3/3
   134 | D:1      | Reached XP level 2. HP: 16/23 MP: 3/5
   141 | D:1      | Learned a level 2 spell: Sticks to Snakes
   473 | D:2      | Noticed an ice beast
   753 | D:1      | Reached XP level 3. HP: 26/29 MP: 4/6
   943 | D:1      | Slain by an ice beast

Action                   || total
-------------------------++-------
Melee: Unarmed           ||    64
       Kick              ||     5
       Tailslap          ||     4
       Headbutt          ||     3
 Cast: Beastly Appendage ||    17
       Sticks to Snakes  ||     3
Armor: Skin              ||    13
Dodge: Dodged            ||    42
